 Dungeon Crawl Stone Soup version 0.30-a0-779-g7971cf19c3 (webtiles) character file.

Game seed: 6982498889041424759

1513 cforsyth the Destroyer (level 8, -27/41 HPs)
             Began as a Tengu Fire Elementalist on Feb 17, 2023.
             Was an Initiate of Vehumet.
             Annihilated by a boulder beetle (32 damage)
             ... on level 6 of the Dungeon.
             The game lasted 00:12:57 (7913 turns).

cforsyth the Destroyer (Tengu Fire Elementalist)    Turns: 7913, Time: 00:12:58

Health: -27/41     AC:  4    Str: 11    XL:     8   Next: 83%
Magic:  17/17      EV: 14    Int: 15    God:    Vehumet [......]
Gold:   120        SH:  0    Dex: 15    Spells: 17/18 levels left

rFire   . . .      SeeInvis .    (no weapon)
rCold   . . .      Faith    .    (no shield)
rNeg    . . .      Spirit   .    w - +1 leather armour of the Elven Halls {rElec Will+ rCorr Stlth-}
rPois   +          Reflect  .    (helmet restricted)
rElec   +          Harm     .    (no cloak)
rCorr   +          Rampage  .    (no gloves)
Will    +....                    (boots unavailable)
Stlth   +                        (no amulet)
HPRegen 0.26/turn                (no ring)
MPRegen 0.15/turn                (no ring)

@: flying quickly and evasively, hasted, very quick
A: beak, talons 3, nimble flight, deterioration 1, poison resistance
a: Renounce Religion


You were on level 6 of the Dungeon.
You worshipped Vehumet.
Vehumet was noncommittal.
You visited 2 branches of the dungeon, and saw 7 of its levels.

You collected 309 gold pieces.
You spent 189 gold pieces at shops.

Inventory:

Missiles
 j - a throwing net
Armour
 a - a +1 robe
 k - a scarf of shadows
 w - the +1 leather armour of the Elven Halls (worn) {rElec Will+ rCorr Stlth-}
   (You bought it in a shop on level 5 of the Dungeon)

   rElec:     It insulates you from electricity.
   rCorr:     It protects you from acid and corrosion.
   Will:      It increases your willpower.
   Stlth:     It makes you less stealthy.
Jewellery
 o - a ring of protection from cold
Wands
 u - a wand of digging (4)
Scrolls
 c - a scroll of fog
 m - 2 scrolls of enchant weapon
 v - 2 scrolls of identify
Potions
 b - a potion of magic
 d - a potion of might
 e - a potion of invisibility
 f - a potion of berserk rage {unknown}
 g - a potion of resistance {unknown}
 i - a potion of experience {unknown}
 l - a potion of degeneration {unknown}


   Skills:
 - Level 2.1 Dodging
 - Level 2.0 Stealth
 + Level 5.9 Spellcasting
 + Level 8.1 Conjurations
 + Level 7.6 Fire Magic


You had 17 spell levels left.
You knew the following spells:

 Your Spells              Type           Power      Damage    Failure   Level
a - Foxfire               Conj/Fire      100%       2x1d9     1%          1

Your spell library contained the following spells:

 Spells                   Type           Power      Damage    Failure   Level
 Scorch                   Fire           54%        2d8       1%          2
 Kiss of Death            Conj/Necr      64%        2d10      3%          1
 Flame Wave               Conj/Fire      28%        2d9       8%          4
 Inner Flame              Hex/Fire       15%        N/A       12%         3
 Kindle Blastsparks       Fire/Tloc/Air  24%        2d12      21%         3
 Blink                    Tloc           8%         N/A       30%         2
 Confusing Touch          Hex            4%         N/A       52%         3
 Dispel Undead            Necr           4%         3d7       89%         4
 Manifold Assault         Tloc           4%         N/A       89%         4
 Storm Form               Tmut/Air       2%         N/A       100%        7


Dungeon Overview and Level Annotations

Branches:
Dungeon (6/15)             Temple (1/1) D:5

Altars:
Ashenzari
Cheibriados
Elyvilon
Fedhas
Hepliaklqana
Kikubaaqudgha
Makhleb
Nemelex Xobeh
Qazlal
Ru
Sif Muna
Trog
Uskayaw
Vehumet
Wu Jian
Xom
Yredelemnul
Zin
The Shining One

Shops:
D:5 [


Innate Abilities, Weirdness & Mutations

You have a beak for a mouth.
You have claws for feet.
Your magical nature lets you fly swiftly and evasively.
Your body sometimes deteriorates upon taking damage.
Your system is resistant to poisons. (rPois)


Message History

The shadow flickers and vanishes!
Deactivating autopickup; reactivate with Ctrl-A.
The boulder beetle waves its antennae.
The boulder beetle curls into a ball and begins rolling!
The boulder beetle is attracted toward you.
It was a potion of lignification.
You turn into a tree.
The +1 leather armour of the Elven Halls {rElec Will+ rCorr Stlth-} melds into your body.
Your roots penetrate the ground.
The shadow strikes at you from the darkness!
* * * LOW HITPOINT WARNING * * *
Reactivating autopickup.
It was a potion of cancellation.
Your magical effects are unravelling.
You feel magically purged.
You feel less wooden.
The +1 leather armour of the Elven Halls {rElec Will+ rCorr Stlth-} unmelds from your body.
You feel your willpower return. The boulder beetle barely misses you.
The boulder beetle stops rolling and uncurls.
The shadow barely misses you.
You feel less attractive to monsters.
It was a potion of haste.
You feel yourself speed up. The boulder beetle closely misses you.
The shadow misses you.
The boulder beetle curls into a ball and begins rolling!
The shadow slips into darkness.
The shadow flickers and vanishes!
Deactivating autopickup; reactivate with Ctrl-A.
You reach down and open the large door.
There is a large open door here.
The boulder beetle attacks as you move away!
The boulder beetle hits you but does no damage.
The boulder beetle stops rolling and uncurls.
The boulder beetle curls into a ball and begins rolling!
A scorpion comes into view.
Found 8 stones.
You see here 8 stones.
An ice beast comes into view.
The scorpion misses you. The boulder beetle hits you!!
Ouch! That really hurt!
You die...

*,****,,,,,,,,,#.....####### ,,*
*,,,.....,#......°°°°.##### ***
*,,,.....,#.....#####.....#
*,<,......#...°(# ####''##
******,,,......#...°.# ##§§§°.≈≈
,,,,*,,,,......#...°.# ##≈§§§°.§§
*****,,,,........s○..#*#§§≈§§.°≈≈
***,,,,,,.......YB..##*§§≈≈§≈.°≈≈
,,,,**,,,.......@...#*§§≈≈§≈≈.§§§
,,,,**,**####.......#~§≈§≈§≈§§§§≈
,,,,**,*****#.......#~≈§§§§§§§§§≈
,,,,,,,,,,,*#.......#~≈§§§≈≈§..§§
,,,***,***,*#########~≈§§≈≈§...§≈
,,,,,,,* *,* *~≈≈§≈≈≈....≈
,,,***** *,* *~≈§§≈≈≈≈!/≈≈ ,>,*
*,* *~≈§§≈§≈≈..§§ ,,,* *,*
*******~≈≈§§≈§≈..≈§


You could see a boulder beetle (rolling), an ice beast and a scorpion.

Vanquished Creatures
  Menkaure (D:6)
  A water moccasin (D:5)
  An ice beast (D:5)
  2 black bears
  An ogre (D:5)
  3 necrophages
  A scorpion (D:5)
  A killer bee (D:5)
  8 hounds
  2 jellies
  A gnoll bouda (D:4)
  An iguana (D:3)
  Terence (D:2)
  10 gnolls
  7 adders
  A shadow imp (D:5)
  5 dart slugs
  9 orcs
  4 bats
  9 endoplasms
  3 giant cockroaches
  6 goblins
  3 hobgoblins
  10 ball pythons
  6 frilled lizards
  7 kobolds
  11 rats
115 creatures vanquished.

Vanquished Creatures (collateral kills)
  22 foxfires
22 creatures vanquished.

Vanquished Creatures (others)
  783 foxfires
  7 plants
790 creatures vanquished.

Grand Total: 927 creatures vanquished

Notes
Turn   | Place    | Note
-------+----------+-------------------------------------------
     0 | D:1      | cforsyth the Tengu Fire Elementalist began the quest for
                  | the Orb.
     0 | D:1      | Reached XP level 1. HP: 10/10 MP: 4/4
   142 | D:1      | Reached skill level 2 in Conjurations
   142 | D:1      | Reached XP level 2. HP: 15/15 MP: 0/6
   937 | D:1      | Reached XP level 3. HP: 19/19 MP: 4/7
  1227 | D:1      | Found a faded altar of an unknown god.
  1992 | D:2      | Reached skill level 3 in Conjurations
  2044 | D:2      | Found a hazy altar of Hepliaklqana.
  2045 | D:2      | Noticed Terence
  2058 | D:2      | Killed Terence
  2059 | D:2      | Reached XP level 4. HP: 24/24 MP: 0/9
  3429 | D:3      | Gained mutation: Your magical nature lets you fly swiftly
                  | and evasively. [Tengu growth]
  3429 | D:3      | Reached XP level 5. HP: 28/28 MP: 0/10
  3642 | D:3      | Reached skill level 4 in Conjurations
  4393 | D:4      | Noticed a black bear
  4401 | D:4      | Killed a black bear
  4402 | D:4      | Reached skill level 5 in Fire Magic
  4402 | D:4      | Reached XP level 6. HP: 32/32 MP: 4/12
  4516 | D:4      | Found a glowing silver altar of Zin.
  4516 | D:4      | Found a hide-covered altar of Uskayaw.
  4524 | D:4      | Found a snail-covered altar of Cheibriados.
  4526 | D:4      | Found a faded altar of an unknown god.
  4528 | D:4      | Found a faded altar of an unknown god.
  4741 | D:3      | Reached skill level 5 in Conjurations
  4982 | D:4      | Reached XP level 7. HP: 36/36 MP: 7/14
  5441 | D:5      | Entered Level 5 of the Dungeon
  5607 | D:5      | Reached skill level 6 in Conjurations
  5917 | D:5      | Reached XP level 8. HP: 41/41 MP: 11/16
  6104 | D:5      | Reached skill level 5 in Spellcasting
  6150 | D:5      | Noticed a yak
  6150 | D:5      | Noticed a yak
  6150 | D:5      | Noticed a yak
  6150 | D:5      | Noticed a yak
  6416 | D:5      | Found Jyeske's Antique Armour Shoppe.
  6422 | D:5      | Bought a shimmering leather armour for 189 gold pieces
  6422 | D:5      | Identified the +1 leather armour of the Elven Halls {rElec
                  | Will+ rCorr Stlth-} (You bought it in a shop on level 5 of
                  | the Dungeon)
  6440 | D:5      | Reached skill level 7 in Conjurations
  6576 | D:5      | Found a staircase to the Ecumenical Temple.
  6595 | Temple   | Entered the Ecumenical Temple
  6808 | Temple   | Became a worshipper of Vehumet
  7813 | D:6      | Noticed Menkaure
  7819 | D:6      | Killed Menkaure
  7820 | D:6      | Reached skill level 8 in Conjurations
  7876 | D:6      | Noticed a wyvern
  7881 | D:6      | Noticed a shadow
  7881 | D:6      | Noticed a boulder beetle
  7888 | D:6      | Gained mutation: Your body sometimes deteriorates upon
                  | taking damage. [potion of mutation]
  7888 | D:6      | Gained mutation: Your system is resistant to poisons.
                  | (rPois) [potion of mutation]
  7889 | D:6      | HP: 1/61 [something (23)]
  7913 | D:6      | Annihilated by a boulder beetle

Illustrated notes

Levels and vault maps discovered:
D:1:      amcnicky_arrival_flooded_fountain, layout_basic,
          shapermc_ecumenical_altar_notcrosses, roderic_lattice_a
D:2:      layout_basic, basic_altar, kennysheep_another_room,
          serial_bayou_lagoon_a, uniq_terence
D:3:      layout_loops_ring, amcnicky_mini_corridor_feature, chequers_garden,
          minmay_vboxes
D:4:      layout_cave_pools, chequers_temple_overflow_minitemple,
          saegor_snake_ambush
D:5:      minmay_spotlight, layout_basic, temple_doors_cd, serial_shops,
          nicolae_shop_advertising_works [nicolae_subvault_shop_adworks],
          serial_bayou, serial_bayou_pond_a, serial_bayou_pond_e,
          serial_bayou_pond_b, serial_bayou_shore_a, st_stairs_1
D:6:      kennysheep_big_flooded_room, layout_basic,
          mainiacjoe_overflow_24_doors, uniq_menkaure
Temple:   eino_temple_scatter_basement

Skill      XL: |  1  2  3  4  5  6  7  8 |
---------------+-------------------------+-----
Conjurations   | 2 3 4 5 6 8 |  8.1
Fire Magic     | 4 5 6 7 |  7.6
Spellcasting   | 3 4 5 |  5.9
Dodging        | |  2.1
Stealth        | |  2.0

Action                     |  1- 3 |  4- 6 |  7- 9 || total
---------------------------+-------+-------+-------++-------
  Melee: Unarmed           |     5 |     4 |     3 ||    12
         Peck              |     2 |     1 |     1 ||     4
         Kick              |       |       |     2 ||     2
   Cast: Foxfire           |   114 |   152 |   191 ||   457
    Use: Potion            |       |     1 |     7 ||     8
         Scroll            |       |       |     9 ||     9
 Armour: Robe              |       |     3 |       ||     3
         Leather armour    |       |       |     9 ||     9
  Dodge: Dodged            |     7 |    32 |    41 ||    80

Table legend: (Time is in decaauts)
 A = Elapsed time spent in this place.
 B = Non-inter-level travel time spent in this place.
 C = Inter-level travel time spent in this place.
 D = Time resting spent in this place.
 E = Time spent auto-exploring this place.
 F = Levels seen in this place.
 G = Mean time per level.
                   A        B        C        D        E       F      G
               +--------+--------+--------+--------+--------+-----+--------+
         Total |   7720 |   7528 |    192 |    205 |   6115 |   7 | 1102.9 |
       Dungeon |   7514 |   7334 |    180 |    205 |   5956 |   6 | 1252.3 |
        Temple |    205 |    194 |     11 |      0 |    158 |   1 |  205.0 |
               +--------+--------+--------+--------+--------+-----+--------+

Top non-repeatable levels by time:
     D:1: 1562 daAuts
     D:5: 1538 daAuts
     D:2: 1439 daAuts
     D:4: 1185 daAuts
     D:3: 1171 daAuts
     D:6: 617 daAuts
  Temple: 205 daAuts
